AoeStats
← mmpkitos

Arena

509586616Analyzed
2v2 RM · 4d ago on Sep 27, 2026· 22m 6s· 4 players
Game mode
Random Map
Map size
Medium (4 player)
Population
200
Speed
Normal
Resources
Standard
Victory
Conquest
Starting age
Dark Age
Ending age
Imperial Age
RankedLock teamsTeams togetherTeam positionsShared explorationLock speedFull tech treeHidden civsTurbo modeCheats
Victory
Defeat
🇫🇷 Celts · France
882
+13
🇫🇷 Goths · France
862
+14
🇪🇸 Britons · Spain
822
-14
🇪🇸 Bohemians · Spain
802
-13
mmpkitos
3:19 Loom
9:16 Feudal Age
10:05 Double-Bit Axe
12:23 Wheelbarrow
20:02 Castle Age
18:58 Padded Archer Armor
21:24 Fletching
CES
2:39 Loom
12:03 Feudal Age
12:54 Double-Bit Axe
13:37 Horse Collar
16:34 Man-at-Arms
18:59 Arson
neyroudinho
12:12 Feudal Age
17:09 Castle Age
15:21 Man-at-Arms
18:00 Forging
18:53 Long Swordsman
20:49 Scale Mail Armor
Obonor
10:26 Loom
12:11 Feudal Age
13:57 Horse Collar
14:09 Double-Bit Axe
17:08 Castle Age
16:38 Gold Mining
18:24 Bow Saw
18:53 Gold Shaft Mining
19:45 Pikeman
Connection lost

Rejoining the realm…

Still unreachable

The connection could not be restored.

Session expired

The server has moved on; the page needs a fresh start.